 Dungeon Crawl Stone Soup version 0.29.1-14-g9c671dbff4 (webtiles) character file.

Game seed: 14312927771846916829

34 112233 the Caller (level 3, -3/24 HPs)
             Began as a Demonspawn Summoner on Feb 13, 2023.
             Slain by a gnoll
             ... wielding a +4 spear
              (6 damage)
             ... on level 2 of the Dungeon.
             The game lasted 00:01:48 (1591 turns).

112233 the Caller (Demonspawn Summoner)             Turns: 1591, Time: 00:01:48

Health: -3/24      AC:  2    Str:  8    XL:     3   Next: 14%
Magic:  1/7        EV: 12    Int: 18    God:
Gold:   70         SH:  4    Dex: 13    Spells: 5/8 levels left

rFire   . . .      SeeInvis .   f - +0 short sword (venom)
rCold   . . .      Faith    .   (no shield)
rNeg    . . .      Spirit   .   a - +0 robe
rPois   .          Reflect  .   (no helmet)
rElec   .          Harm     .   (no cloak)
rCorr   +          Rampage  .   (no gloves)
Will    .....                   (no boots)
Stlth   ++........              (no amulet)
HPRegen 0.08/turn               d - ring of resist corrosion
MPRegen 0.10/turn               (no ring)

@: very slightly contaminated
A: condensation shield
a: no special abilities


You were on level 2 of the Dungeon.
You visited 1 branch of the dungeon, and saw 2 of its levels.

You collected 70 gold pieces.

Inventory:

Hand Weapons
 f - a +0 short sword of venom (weapon)
Armour
 a - a +0 robe (worn)
Jewellery
 d - a ring of resist corrosion (left hand)
Scrolls
 c - a scroll of amnesia {unknown}
 e - a scroll of teleportation {unknown}
Potions
 b - a potion of magic
 g - a potion of flight {unknown}


   Skills:
 - Level 2.0 Dodging
 - Level 2.0 Stealth
 + Level 3.1 Spellcasting
 - Level 4.1 Summonings


You had 5 spell levels left.
You knew the following spells:

 Your Spells              Type           Power      Damage    Failure   Level
a - Summon Small Mammal   Summ           68%        N/A       3%          1
b - Call Imp              Summ           17%        N/A       4%          2

Your spell library contained the following spells:

 Spells                   Type           Power      Damage    Failure   Level
 Call Canine Familiar     Summ           17%        N/A       9%          3
 Summon Guardian Golem    Hex/Summ       10%        N/A       22%         3
 Summon Lightning Spire   Summ/Air       10%        N/A       56%         4


Dungeon Overview and Level Annotations

Branches:
Dungeon (2/15)

Altars:


Innate Abilities, Weirdness & Mutations

A meltable shield of frost defends you. (SH +4)


Message History

You swap places.
Your white imp disappears in a puff of smoke!
You open the door.
There is an open door here.
You open the door. 4 gnolls come into view.
The gnoll shouts! x4
There are monsters nearby!
There are monsters nearby!
There are monsters nearby!
Unknown command.
The gnoll attacks as you move away! You block the gnoll's attack.
Casting: Call Imp (safe; 4% risk of failure)
Confirm with . or Enter, or press ? or * to list all spells.
A beastly little devil appears in a puff of flame.
The gnoll barely misses your crimson imp.
The gnoll hits you with a +0 whip.
Your crimson imp hits the gnoll.
You block the gnoll's attack.
The gnoll closely misses your crimson imp. x2
Unknown command.
The gnoll attacks as you move away! The gnoll hits you with a +0 whip!
Your crimson imp hits the gnoll but does no damage.
The gnoll hits your crimson imp with a +4 spear.
The gnoll barely misses your crimson imp.
Casting: Call Imp (safe; 4% risk of failure)
Confirm with . or Enter, or press ? or * to list all spells.
You miscast Call Imp.
You are very lightly contaminated with residual magic.
Nothing appears to happen.
Your crimson imp blinks!
The gnoll hits you but does no damage.
Casting: Call Imp (safe; 4% risk of failure)
Confirm with . or Enter, or press ? or * to list all spells.
A beastly little devil appears in a puff of flame.
Your crimson imp disappears in a puff of smoke!
The gnoll hits you with a +0 whip!
* * * LOW HITPOINT WARNING * * *
The gnoll misses you.
The gnoll hits you from afar with a +4 spear.
You die...

...............#.#..#...#
#######...####.#...######
#...........#..###..8#
#.####.####......#..## #.#
#...>....##...... ############.#
################# #............#
....# ###
#.##################..ยง..######..
#'## #.@ggg.....+....'.. ...#
#####5####g....######.. ...#
#......# ....# ### ...# #......#
...# # ...# #......# ### # #.##
#####.## # #.# #.# # #.# #.# # #.#
#.#


You could see 4 gnolls and a friendly crimson imp (summoned).

Vanquished Creatures (collateral kills)
  2 adders (D:2)
  A worm (D:2)
  4 bats
  3 endoplasms
  A giant cockroach (D:1)
  2 kobolds
  A rat (D:2)
14 creatures vanquished.

Notes
Turn   | Place    | Note
-------+----------+-------------------------------------------
     0 | D:1      | 112233 the Demonspawn Summoner began the quest for the Orb.
     0 | D:1      | Reached XP level 1. HP: 13/13 MP: 3/3
   579 | D:2      | Gained mutation: A meltable shield of frost defends you.
                  | (SH +4) [demonic ancestry]
   579 | D:2      | Reached XP level 2. HP: 16/19 MP: 0/5
  1160 | D:2      | Reached XP level 3. HP: 22/24 MP: 1/7
  1350 | D:2      | Learned a level 2 spell: Call Imp
  1591 | D:2      | Slain by a gnoll

Illustrated notes

Levels and vault maps discovered:
D:1:      dpeg_arrival_three_bigger_balls, layout_basic
D:2:      layout_basic, shapermc_ecumenical_altar_mp_vishouse, serial_shops,
          shop

Skill      XL: |  1  2 |
---------------+-------+-----
Stealth        | 2 |  2.0
Dodging        | 2 |  2.0
Spellcasting   | 3 |  3.1
Summonings     | |  4.1

Action                   || total
-------------------------++-------
Melee: Unarmed           ||     9
 Cast: Summon Small Mamm ||    39
       Call Imp          ||     4
 Stab: Distracted        ||     1
Armor: Robe              ||     9
Dodge: Dodged            ||    40
Block: Other             ||     7
